 Dungeon Crawl Stone Soup version 0.30-a0-802-gb92711bcdf (webtiles) character file.

Game seed: 18251195618616487613

5770 Newt the Cleaver (level 10, -3/76 HPs)
             Began as a Demonspawn Gladiator on Feb 23, 2023.
             Was a High Priest of Okawaru.
             Slain by an orc priest
             ... wielding a +0 trident
              (6 damage)
             ... on level 8 of the Dungeon.
             The game lasted 00:10:12 (7827 turns).

Newt the Cleaver (Demonspawn Gladiator)             Turns: 7827, Time: 00:10:13

Health: -3/76      AC: 13    Str: 24    XL:     10   Next: 49%
Magic:  0/10       EV: 15    Int: 10    God:    Okawaru [*****.]
Gold:   756        SH: 13    Dex: 15    Spells: 9/9 levels left

rFire   . . .      SeeInvis .    M - +3 war axe
rCold   . . .      Faith    .    F - +0 kite shield
rNeg    . . .      Spirit   +    I - +2 ring mail {rPois}
rPois   +          Reflect  .    c - +0 helmet
rElec   .          Harm     .    (no cloak)
rCorr   .          Rampage  .    k - +1 pair of gloves
Will    .....                    L - +0 pair of boots "Abritz Ygyhi" {Regen+}
Stlth   +                        l - amulet of guardian spirit
HPRegen 1.12/turn                w - +6 ring of strength
MPRegen 0.12/turn                D - +5 ring of evasion

@: mighty, mesmerised, hasted, invisible, very quick
A: large bone plates 2, foul stench 1, powered by pain 1, weakness stinger 1
a: Renounce Religion, Heroism, Finesse, Duel


You were on level 8 of the Dungeon.
You worshipped Okawaru.
Okawaru was extremely pleased with you.
You visited 2 branches of the dungeon, and saw 9 of its levels.
You also visited: Ossuary and Bailey.

You collected 756 gold pieces.

Inventory:

Hand Weapons
 a - a +0 rapier
 d - a +1 dagger of venom
 h - a +0 battleaxe of flaming
 y - a +3 heavy hand axe
 M - a +3 war axe (weapon)
Missiles
 j - a throwing net
 s - 4 boomerangs (quivered)
 A - a curare-tipped dart
 C - 10 poisoned darts
Armour
 b - a +0 leather armour
 c - a +0 helmet (worn)
 k - a +1 pair of gloves (worn)
 v - a +1 pair of boots
 F - a +0 kite shield (worn)
 I - a +2 ring mail of poison resistance (worn)
 L - the +0 pair of boots "Abritz Ygyhi" (worn) {Regen+}
   (You acquired it on level 7 of the Dungeon)

   Regen:     It increases your rate of health regeneration.
Jewellery
 i - a +6 ring of dexterity
 l - an amulet of guardian spirit (around neck)
 n - a ring of flight
 q - a ring of positive energy
 t - a ring of magical power
 u - an amulet of the acrobat
 w - a +6 ring of strength (left hand)
 x - a ring of protection from fire
 D - a +5 ring of evasion (right hand)
 E - a ring of protection from cold
Wands
 m - a wand of polymorph (8)
 B - a wand of flame (11)
Scrolls
 r - 2 scrolls of teleportation
 H - a scroll of enchant armour
 J - a scroll of blinking
 N - a scroll of amnesia
 O - a scroll of butterflies
 P - a scroll of poison
Potions
 e - a potion of berserk rage
 f - 3 potions of mutation
 g - 3 potions of brilliance
 o - a potion of lignification
 p - 2 potions of attraction
 G - a potion of invisibility
 K - a potion of magic {unknown}
 Q - a potion of resistance {unknown}


   Skills:
 - Level 6.0 Fighting
 - Level 2.6 Short Blades
 - Level 9.0 Axes
 - Level 6.0 Throwing
 - Level 6.0 Armour
 - Level 4.0 Dodging
 - Level 1.5 Stealth
 + Level 4.8 Evocations


You had 9 spell levels left.
You didn't know any spells.
Your spell library contained the following spells:

 Spells                   Type           Power      Damage    Failure   Level
 Apportation              Tloc           0%         N/A       90%         1
 Freeze                   Ice            0%         1d3       90%         1
 Slow                     Hex            0%         N/A       90%         1
 Ensorcelled Hibernation  Hex/Ice        0%         N/A       97%         2
 Momentum Strike          Conj/Tloc      0%         3d8       97%         2
 Confusing Touch          Hex            0%         N/A       99%         3
 Frozen Ramparts          Ice            0%         1d1       99%         3
 Hailstorm                Conj/Ice       0%         3d3       99%         3
 Portal Projectile        Hex/Tloc       0%         N/A       99%         3
 Spider Form              Tmut/Pois      0%         N/A       99%         3
 Vampiric Draining        Necr           0%         2d6       99%         3
 Anguish                  Hex/Necr       0%         N/A       100%        4
 Alistair's Intoxication  Tmut/Pois      0%         N/A       100%        5
 Blade Hands              Tmut           0%         N/A       100%        5
 Freezing Cloud           Conj/Ice/Air   0%         6-21      100%        5
 Iron Shot                Conj/Erth      0%         9d1       100%        6
 Starburst                Conj/Fire      0%         6d3       100%        6
 Tukima's Dance           Hex            Unusable   N/A       N/A         3

Dungeon Overview and Level Annotations

Branches:
Dungeon (8/15)             Temple (1/1) D:4         Ossuary (visited)
 Bailey (visited)
   Lair: D:8-11

Altars:
Ashenzari
Cheibriados
Dithmenos
Fedhas
Gozag
Hepliaklqana
Kikubaaqudgha
Makhleb
Nemelex Xobeh
Okawaru
Qazlal
Ru
Uskayaw
Vehumet
Xom
Yredelemnul

Shops:
D:4 =

Annotations:
D:5 3 runed translucent doors, sircluck's ghost, novice HOFi
D:8 Maggie


Innate Abilities, Weirdness & Mutations

You are mostly covered in large bone plates. (SH +6)
You may rarely emit foul miasma when damaged in melee.
You sometimes gain a little power by taking damage.
You have a small tail.


Message History

You slash Maggie!
Maggie is heavily wounded.
You completely miss the wyvern. You block the wyvern's attack.
The centaur shoots an arrow.
The arrow closely misses you. The orc priest misses you.
Maggie drinks a potion.
Maggie is healed!
The wyvern barely misses you.
The centaur shoots an arrow.
You block the arrow.
You barely miss Maggie.
Your tail-slap misses Maggie.
Maggie is moderately wounded.
You barely miss the wyvern. You block the wyvern's attack.
The orc priest mumbles some strange prayers to Beogh against you.
Beogh smites you!
* * * LOW HITPOINT WARNING * * *
Maggie hits you with a +0 glaive of flaming.
* * * LOW HITPOINT WARNING * * *
Maggie burns you.
* * * LOW HITPOINT WARNING * * *
You block the wyvern's attack.
An orc comes into view. It is wielding a +0 short sword.
The orc priest hits you but does no damage.
Maggie casts a spell.
Maggie draws you further into her thrall.
Unknown command.
You feel better. The wyvern misses you.
The centaur shoots an arrow.
You block the arrow. The orc priest barely misses you. The wyvern bites you!
* * * LOW HITPOINT WARNING * * *
An orc priest comes into view. It is wielding a +0 club.
Maggie closely misses you.
Blink to where?
Press: ? - help, Dir - move target, f - you
Okay, then.
Okay, then.
It was a potion of invisibility.
You fade into invisibility!
The wyvern barely misses you.
The centaur unwields a +0 shortbow.
You block the centaur's attack. x2; Maggie completely misses you.
The orc priest barely misses you.
You feel yourself speed up. You block the wyvern's attack.
The centaur barely misses you. You block the centaur's attack.
The orc priest hits you from afar with a +0 trident.
You die...

.###..#.##..............#
.#......# ##...###..#<..#
.))##..## #.#.# #.##...#
†)###....# #.... #.##..)#
.)###.##.## #.#.##.##...#
)..##.# ...##....#.######
......####..##.#.#.#
.........##.##...@.####
P........##.###.@.....#
.PP......##..##.cl....#
...P...)...^....o.....#
.P.PP....####.........#
#....P...# #.........#
#.....>... ###.....o.#
#.......... .....o..#
#........... ........#
.P....#.##### #.#......


You could see Maggie (mesmerising, unable to see you), a wyvern (unable to see
you), a centaur (unable to see you), 2 orc priests and an orc (unable to see
you).

Vanquished Creatures
  3 orc knights (Bailey)
  Joseph (D:8)
  2 kobold demonologists (Bailey)
  A steam dragon (D:7)
  Menkaure (D:5)
  9 orc warriors (Bailey)
  2 ice beasts (D:6)
  An ogre (D:5)
  2 black bears
  A centaur (D:8)
  2 phantoms
  A kobold brigand (D:6)
  3 necrophages
  A gnoll sergeant (D:7)
  3 bullfrogs
  3 scorpions
  4 killer bees (D:8)
  3 electric eels (Bailey)
  2 centaur zombies (Ossuary)
  A jelly (D:6)
  3 hounds
  2 gnoll boudas
  3 orc priests
  2 iguanas
  Ijyb (D:4)
  8 orc wizards
  3 mummies
  6 adders
  9 gnolls
  A shadow imp (D:6)
  A white imp (D:7)
  3 ufetubi
  A worm (D:3)
  3 dart slugs
  32 orcs
  9 bats
  7 endoplasms
  4 giant cockroaches
  3 gnoll zombies (Ossuary)
  10 goblins
  17 hobgoblins
  3 jackals (D:4)
  8 quokkas
  7 ball pythons
  6 frilled lizards
  5 goblin zombies (Ossuary)
  A hobgoblin zombie (Ossuary)
  17 kobolds
  3 orc zombies (Ossuary)
  9 rats
  A spectral orc (D:4)
234 creatures vanquished.

Vanquished Creatures (others)
  17 fungi (D:8)
  22 plants
39 creatures vanquished.

Grand Total: 273 creatures vanquished

Notes
Turn   | Place    | Note
-------+----------+-------------------------------------------
     0 | D:1      | Newt the Demonspawn Gladiator began the quest for the Orb.
     0 | D:1      | Reached XP level 1. HP: 16/16 MP: 1/1
    31 | D:1      | Reached skill level 1 in Stealth
   102 | D:1      | Gained mutation: You are partially covered in large bone
                  | plates. (SH +4) [demonic ancestry]
   102 | D:1      | Reached XP level 2. HP: 17/22 MP: 2/2
   294 | D:1      | Found a faded altar of an unknown god.
   397 | D:1      | Gained mutation: You have a small tail. [demonic ancestry]
   397 | D:1      | Reached XP level 3. HP: 29/29 MP: 3/3
   856 | D:2      | You fall into a shaft and drop 1 floor!
   977 | D:3      | Found a broken altar of Ashenzari.
  1018 | D:3      | Reached XP level 4. HP: 35/37 MP: 4/4
  1851 | D:3      | Found a radiant altar of Vehumet.
  2307 | D:3      | Reached XP level 5. HP: 39/42 MP: 5/5
  2516 | D:4      | Found a staircase to the Ecumenical Temple.
  2516 | D:4      | Noticed Ijyb
  2529 | Temple   | Entered the Ecumenical Temple
  2567 | Temple   | Became a worshipper of Warmaster Okawaru
  2599 | D:4      | Killed Ijyb
  2637 | D:4      | Found a shimmering altar of Xom.
  2657 | D:4      | Reached skill level 5 in Fighting
  2657 | D:4      | Reached XP level 6. HP: 18/51 MP: 4/6
  3046 | D:4      | Reached * piety under Okawaru
  3107 | D:4      | Found a basalt altar of Yredelemnul.
  3161 | D:4      | Found Veint's Jewellery Shop.
  3462 | D:5      | Entered Level 5 of the Dungeon
  3753 | D:5      | Gained mutation: You may rarely emit foul miasma when
                  | damaged in melee. [demonic ancestry]
  3753 | D:5      | Reached XP level 7. HP: 28/56 MP: 7/7
  3975 | D:5      | Noticed Menkaure
  3982 | D:5      | Killed Menkaure
  4091 | D:5      | Found a runed translucent gate.
  4091 | D:5      | Found a runed translucent gate.
  4091 | D:5      | Found a runed translucent gate.
  4096 | D:5      | Noticed sircluck's ghost (novice HOFi)
  4179 | D:5      | Reached ** piety under Okawaru
  4180 | D:5      | Reached skill level 5 in Throwing
  4823 | D:6      | Gained mutation: You are mostly covered in large bone
                  | plates. (SH +6) [demonic ancestry]
  4823 | D:6      | Reached XP level 8. HP: 64/64 MP: 8/8
  4835 | D:6      | Reached skill level 1 in Axes
  4889 | D:6      | Reached skill level 2 in Axes
  4890 | D:6      | Reached skill level 3 in Axes
  4997 | D:6      | Found a sand-covered staircase.
  5005 | Ossuary  | Entered an ossuary
  5085 | Ossuary  | Reached skill level 4 in Axes
  5264 | D:6      | Reached *** piety under Okawaru
  5288 | D:6      | Reached skill level 5 in Axes
  5369 | D:6      | Identified the +9 short sword of Ytisy {venom, rC- rN+
                  | Int+2}
  5451 | D:6      | Reached skill level 6 in Axes
  5619 | D:7      | Found a blossoming altar of Fedhas.
  5686 | D:7      | Found a snail-covered altar of Cheibriados.
  5733 | D:7      | Found a flagged portal.
  5742 | Bailey   | Entered a bailey
  5767 | Bailey   | Noticed an orc knight
  5777 | Bailey   | Killed an orc knight
  5778 | Bailey   | Reached skill level 7 in Axes
  5778 | Bailey   | Reached XP level 9. HP: 68/69 MP: 9/9
  5799 | Bailey   | Noticed an orc knight
  5809 | Bailey   | HP: 1/69 [orc warrior/+0 war axe (13)]
  5816 | Bailey   | Killed an orc knight
  5816 | Bailey   | Reached **** piety under Okawaru
  5817 | Bailey   | Reached skill level 8 in Axes
  6116 | Bailey   | Reached skill level 9 in Axes
  6356 | Bailey   | Noticed a kobold demonologist
  6365 | Bailey   | Reached skill level 1 in Armour
  6367 | Bailey   | Killed a kobold demonologist
  6370 | Bailey   | Found an iron altar of Okawaru.
  6371 | Bailey   | Noticed a kobold demonologist
  6390 | Bailey   | Noticed an ice devil
  6392 | Bailey   | Killed a kobold demonologist
  6516 | Bailey   | Got Fawets's Thoughts on Wounds
  6543 | Bailey   | Noticed an orc knight
  6552 | Bailey   | Killed an orc knight
  6552 | Bailey   | Reached ***** piety under Okawaru
  6553 | Bailey   | Reached skill level 5 in Armour
  6553 | Bailey   | Gained mutation: You sometimes gain a little power by
                  | taking damage. [demonic ancestry]
  6553 | Bailey   | Reached XP level 10. HP: 35/76 MP: 3/10
  7155 | D:7      | Acquired the +0 pair of boots "Abritz Ygyhi" {Regen+}
  7512 | D:7      | Reached skill level 1 in Evocations
  7667 | D:8      | Noticed Joseph
  7683 | D:8      | Killed Joseph
  7689 | D:8      | Identified the +1 sling "Hiodiv" {freeze, rPois rC- Will++
                  | SInv}
  7813 | D:8      | Noticed Maggie
  7825 | D:8      | HP: 1/76 [wyvern (12)]
  7827 | D:8      | Slain by an orc priest

Illustrated notes

Levels and vault maps discovered:
D:1:      minmay_arrival_plants_in_alcoves, layout_rooms,
          hellmonk_ecumenical_altar_run_dry
D:2:      layout_basic, minmay_tromino_v2
D:3:      layout_basic, mainiacjoe_overflow_concentric_impassable,
          fiery_altar_vehumet, minmay_randomly_rotated_circles
D:4:      layout_rooms, mainiacjoe_overflow_tiny_flanked,
          yredelemnul_forgotten_temple_becter, minmay_temple_entry_offerings,
          minmay_misc_feat_enclosed, minivault_26, nicolae_take_the_stairs,
          serial_park_tiny_pond, kennysheep_decorative_pillar, uniq_ijyb
D:5:      layout_gridville, gammafunk_ghost_necromancy, minmay_starry_boxes,
          uniq_menkaure
D:6:      layout_rooms, gup_ossuary_entry_pyramid, kennysheep_generic_room_14
D:7:      layout_basic, mainiacjoe_overflow_paths, cheibriados_altar_1,
          enter_bailey_2, nicolae_grassy_gnolls
D:8:      layout_rooms, grunt_lair_entry_orc_guard_hut, uniq_joseph, uniq_maggie
Temple:   chequers_temple_sunken

Skill      XL: |  1  2  3  4  5  6  7  8  9 10 |
---------------+-------------------------------+-----
Stealth        | 1 |  1.5
Fighting       | 3 4 5 6 |  6.0
Dodging        | 3 4 |  4.0
Throwing       | 3 5 6 |  6.0
Axes           | 7 9 |  9.0
Armour         | 5 6 |  6.0
Evocations     | 4 |  4.8
Short Blades   | |  2.6

Action                     |  1- 3 |  4- 6 |  7- 9 | 10-12 || total
---------------------------+-------+-------+-------+-------++-------
  Melee: Rapier            |    64 |       |       |       ||    64
         Dagger            |    66 |   173 |       |       ||   239
         Tailslap          |     8 |    32 |    33 |    16 ||    89
         Unarmed           |       |     2 |       |       ||     2
         Hand axe          |       |    13 |   210 |    25 ||   248
         Punch             |       |     3 |     3 |       ||     6
         War axe           |       |       |       |    86 ||    86
  Throw: Throwing net      |     3 |       |     2 |       ||     5
         Javelin           |     1 |       |       |       ||     1
         Boomerang         |       |       |    11 |     2 ||    13
         Dart              |       |       |     2 |       ||     2
 Invoke: Heroism           |       |       |     2 |       ||     2
    Use: Scroll            |     3 |    10 |     7 |     3 ||    23
         Potion            |       |     1 |     6 |     3 ||    10
   Stab: Sleeping          |     1 |     4 |     4 |       ||     9
         Distracted        |       |     1 |       |       ||     1
         Held in net/web   |       |       |     4 |       ||     4
 Armour: Leather armour    |    41 |    48 |    55 |    12 ||   156
         Ring mail         |       |       |       |    40 ||    40
  Dodge: Dodged            |   107 |   148 |   231 |   113 ||   599
  Block: Other             |    26 |    37 |    74 |     7 ||   144
         Kite shield       |       |       |       |   122 ||   122

Table legend: (Time is in decaauts)
 A = Elapsed time spent in this place.
 B = Non-inter-level travel time spent in this place.
 C = Inter-level travel time spent in this place.
 D = Time resting spent in this place.
 E = Time spent auto-exploring this place.
 F = Levels seen in this place.
 G = Mean time per level.
                   A        B        C        D        E       F      G
               +--------+--------+--------+--------+--------+-----+--------+
         Total |   7957 |   7683 |    274 |   1049 |   4838 |  11 |  723.4 |
       Dungeon |   6229 |   5977 |    252 |    373 |   4214 |   8 |  778.6 |
        Temple |     58 |     36 |     22 |      0 |      0 |   1 |   58.0 |
       Ossuary |    224 |    224 |      0 |      0 |    149 |   1 |  224.0 |
        Bailey |   1444 |   1444 |      0 |    676 |    475 |   1 | 1444.0 |
               +--------+--------+--------+--------+--------+-----+--------+

Top non-repeatable levels by time:
  Bailey: 1444 daAuts
     D:5: 1286 daAuts
     D:3: 1035 daAuts
     D:4: 878 daAuts
     D:2: 873 daAuts
     D:6: 690 daAuts
     D:7: 646 daAuts
     D:1: 584 daAuts
     D:8: 233 daAuts
 Ossuary: 224 daAuts
  Temple: 58 daAuts
